 Dungeon Crawl Stone Soup version 0.20.1-1-g8b1a95d (webtiles) character file.

38 gobwax the Slasher (level 3, -2/28 HPs)
             Began as a Barachi Skald on July 10, 2017.
             Slain by an adder (4 damage)
             ... on level 1 of the Dungeon.
             The game lasted 00:03:23 (1162 turns).

gobwax the Slasher (Barachi Skald)                  Turns: 1162, Time: 00:03:23

Health: -2/28      AC:  3    Str: 13    XL:     3   Next: 43%
Magic:  6/6        EV:  9    Int: 13    God:
Gold:   70         SH:  7    Dex: 11    Spells: 5/6 levels left

rFire    . . .     SeeInvis .   a - +0 falchion
rCold    . . .     Gourm    .   h - +0 shield (curse)
rNeg     + . .     Faith    .   b - +0 leather armour
rPois    .         Spirit   .   (no helmet)
rElec    .         Reflect  .   (no cloak)
rCorr    .         Harm     .   (no gloves)
MR       .....                  (no boots)
Stlth    +.........             (no amulet)
Regen    0.1/turn               i - ring of positive energy
MPRegen  0.1/turn               (no ring)

@: lethally poisoned (-2 -> -7), flying, slow
A: +LOS, swims, slowness 1, strong legs 1
a: Hop


You were on level 1 of the Dungeon.
You were very hungry.

You visited 1 branch of the dungeon, and saw 2 of its levels.

You collected 70 gold pieces.

Inventory:

Hand Weapons
 a - a +0 falchion (weapon)
Armour
 b - a +0 leather armour (worn)
 h - a cursed +0 shield (worn)
Jewellery
 i - a ring of positive energy (left hand)
Scrolls
 e - a scroll of remove curse {unknown}
Potions
 g - a potion of flight
Books
 c - a book of Battle

   Spells                             Type                      Level
   a - Infusion                       Charms                       1
   b - Shroud of Golubria             Charms/Translocation         2
   c - Song of Slaying                Charms                       2
   d - Spectral Weapon                Hexes/Charms                 3
   e - Regeneration                   Charms/Necromancy            3
Comestibles
 d - a bread ration
 f - 4 fruits


   Skills:
 - Level 2.4 Fighting
 * Level 4.3 Long Blades
 - Level 1.2 Armour
 - Level 2.1 Dodging
 + Level 0.4 Shields
 - Level 2.1 Spellcasting
 - Level 3.3 Charms


You had 5 spell levels left.
You knew the following spells:

 Your Spells              Type           Power        Failure   Level  Hunger
a - Infusion              Chrm           ##..         47%         1    ##.....


Dungeon Overview and Level Annotations

Branches:
Dungeon (2/15)

Altars:


Innate Abilities, Weirdness & Mutations

Shadows flee at your approach. (+LOS)
You can swim through water.
You cover ground slowly.
You can hop short distances.


Message History

* * * LOW HITPOINT WARNING * * *
You feel sick.
There is a stone staircase leading up here.
Unknown command.
The adder bites you but does no damage.
You fly upwards.
* * * LOW HITPOINT WARNING * * *
You feel sick.
There is a stone staircase leading down here.
Unknown command.
There is a lethal amount of poison in your body!
You closely miss the adder.
* * * LOW HITPOINT WARNING * * *
You feel sick. You block the adder's attack.
The adder bites you but does no damage.
You closely miss the adder. The adder closely misses you.
You miss the adder.
* * * LOW HITPOINT WARNING * * *
You feel sick. You block the adder's attack. The adder bites you.
You die...

######### ######## #.......#
#......# #.......# #.####.#
#.......# #.# #.# #.......#
#.# #.# #.......###########.#
#.# ................@S..##
#.# ####.................#
#.# #.................# #.#
#............)....# #.#
#.................# #.#
#.................# #)#
#.................###.#######
#
#...........................#
#
#..................##.....#.#


You could see an adder.

Vanquished Creatures
  2 adders (D:2)
  A dart slug (D:2)
  A leopard gecko (D:1)
  4 giant cockroaches (D:1)
  2 goblins (D:1)
  A hobgoblin (D:1)
  A bat (D:1)
  A frilled lizard (D:1)
  2 kobolds (D:1)
  2 rats (D:1)
17 creatures vanquished.

Notes
Turn   | Place    | Note
-------+----------+-------------------------------------------
     0 | D:1      | gobwax the Barachi Skald began the quest for the Orb.
     0 | D:1      | Reached XP level 1. HP: 17/17 MP: 3/3
   114 | D:1      | Reached skill level 3 in Long Blades
   168 | D:1      | Reached XP level 2. HP: 21/23 MP: 5/5
   491 | D:2      | Reached skill level 4 in Long Blades
   491 | D:2      | Reached XP level 3. HP: 12/28 MP: 6/6
  1162 | D:1      | Slain by an adder

Skill      XL: |  1  2 |
---------------+-------+-----
Long Blades    | 3 4 |  4.3
Fighting       | |  2.4
Armour         | |  1.2
Dodging        | |  2.1
Shields        | |  0.4
Spellcasting   | |  2.1
Charms         | |  3.3

Action                   || total
-------------------------++-------
Melee: Falchion          ||    77
  Use: Potion            ||     2
Armor: Leather armour    ||    14
Dodge: Dodged            ||    40
Block: Shield            ||    31
       Rpst.: Falchion   ||    19
